 Dungeon Crawl Stone Soup version 0.29.1-1-gd02db6906a (webtiles) character file.

Game seed: 10865683081617305533

7845 sanboga the Cleaver (level 11, 0/89 HPs)
             Began as a Minotaur Monk on Oct 3, 2022.
             Was a Priest of Hepliaklqana.
             Shot with an arrow by a centaur (12 damage)
             ... on level 9 of the Dungeon on Oct 4, 2022.
             The game lasted 00:14:49 (9847 turns).

sanboga the Cleaver (Minotaur Monk)                 Turns: 9847, Time: 00:14:50

Health: 0/89       AC: 16    Str: 23    XL:     11   Next: 2%
Magic:  26/26      EV: 15    Int: 12    God:    Hepliaklqana [***...]
Gold:   412        SH:  0    Dex: 12    Spells: 10/10 levels left

rFire   + . .      SeeInvis .   d - +6 hand axe of Benevolence {venom, rCorr Int+3}
rCold   + . .      Faith    .   (no shield)
rNeg    . . .      Spirit   .   l - +5 scale mail of Darkness {Str+2 Dex+3}
rPois   +          Reflect  .   (helmet restricted)
rElec   .          Harm     .   e - +2 cloak of True Grit {rC+ MP+9 Int+2 Dex-3}
rCorr   +          Rampage  .   (no gloves)
Will    .....                   (no boots)
Stlth   ..........              (no amulet)
HPRegen 0.24/turn               h - +4 ring of evasion
MPRegen 0.20/turn               k - ring of Teir {rPois rF+}

@: studying Invocations
A: reduced essence, horns 2, retaliatory headbutt
a: Renounce Religion, Recall Ancestor, Ancestor Identity, Transference


You were on level 9 of the Dungeon.
You worshipped Hepliaklqana.
Hepliaklqana was most pleased with you.
You visited 2 branches of the dungeon, and saw 10 of its levels.
You also visited: Bailey.

You collected 2107 gold pieces.
You spent 1695 gold pieces at shops.

Inventory:

Hand Weapons
 d - the +6 hand axe of Benevolence (weapon) {venom, rCorr Int+3}
   (You bought it in a shop on level 2 of the Dungeon)

   It poisons the flesh of those it strikes.
   Int:       It affects your intelligence (+3).
   rCorr:     It protects you from acid and corrosion.
Armour
 e - the +2 cloak of True Grit (worn) {rC+ MP+9 Int+2 Dex-3}
   (You acquired it on level 4 of the Dungeon)

   Int:       It affects your intelligence (+2).
   Dex:       It affects your dexterity (-3).
   rC:        It protects you from cold.
   MP:        It affects your magic capacity (+9).
 l - the +5 scale mail of Darkness (worn) {Str+2 Dex+3}
   (You found it on level 4 of the Dungeon)

   Str:       It affects your strength (+2).
   Dex:       It affects your dexterity (+3).
Jewellery
 g - a ring of fire
 h - a +4 ring of evasion (left hand)
 k - the ring of Teir (right hand) {rPois rF+}
   (You acquired it on level 6 of the Dungeon)

   [ring of poison resistance]

   rF:        It protects you from fire.
   rPois:     It protects you from poison.
Wands
 a - a wand of light (6)
 j - a wand of flame (32)
 s - a wand of digging (8)
 v - a wand of iceblast (15)
Scrolls
 b - 2 scrolls of summoning
 q - 2 scrolls of teleportation
 t - a scroll of enchant armour
Potions
 c - 4 potions of ambrosia
 f - 2 potions of heal wounds {unknown}
 i - 3 potions of curing
 m - 3 potions of lignification {unknown}
 n - a potion of attraction {unknown}
 o - a potion of flight
 p - a potion of mutation {unknown}
 w - 2 potions of degeneration {unknown}


   Skills:
 + Level 10.0 Fighting
 * Level 13.6 Axes
 + Level 9.3 Armour
 - Level 3.2 Dodging
 - Level 1.5 Stealth
 + Level 9.6 Invocations


You had 10 spell levels left.
You didn't know any spells.
Your spell library contained the following spells:

 Spells                   Type           Power      Damage    Failure   Level
 Sandblast                Erth           0%         2d4       58%         1
 Summon Small Mammal      Summ           0%         N/A       58%         1
 Passwall                 Tmut/Erth      0%         N/A       73%         2
 Sublimation of Blood     Necr           0%         N/A       73%         2
 Call Canine Familiar     Summ           0%         N/A       91%         3
 Dazzling Flash           Conj/Hex       0%         N/A       91%         3
 Gell's Gravitas          Tloc           0%         N/A       91%         3
 Ignite Poison            Fire/Tmut/Pois 0%         N/A       91%         3
 Lesser Beckoning         Tloc           0%         N/A       91%         3
 Mephitic Cloud           Conj/Pois/Air  0%         N/A       91%         3
 Stone Arrow              Conj/Erth      0%         3d7       91%         3
 Summon Guardian Golem    Hex/Summ       0%         N/A       91%         3
 Teleport Other           Tloc           0%         N/A       91%         3
 Iskenderun's Mystic Bla  Conj/Tloc      0%         2d3       100%        4
 Petrify                  Tmut/Erth      0%         N/A       100%        4
 Freezing Cloud           Conj/Ice/Air   0%         6-21      100%        5
 Irradiate                Conj/Tmut      0%         3d11      100%        5
 Starburst                Conj/Fire      0%         6d3       100%        6


Dungeon Overview and Level Annotations

Branches:
Dungeon (9/15)             Temple (1/1) D:7          Bailey (visited)
   Lair: D:8-11         Orc: D:9-12

Altars:
Ashenzari
Cheibriados
Fedhas
Gozag
Hepliaklqana
Makhleb
Okawaru
Qazlal
Ru
Sif Muna
Trog
Uskayaw
Vehumet
Wu Jian
Zin
The Shining One

Shops:
D:2 [((*(   D:4 :

Annotations:
D:9 TheSexyCheese's ghost, novice HOBe


Innate Abilities, Weirdness & Mutations

Your life essence is reduced to manifest your ancestor. (-10% HP)
You have a pair of horns on your head.
You reflexively headbutt those who attack you in melee.


Message History

TheSexyCheese's ghost hits you.
You feel sick.
You are no longer poisoned.
The kobold brigand throws a poisoned dart.
The poisoned dart hits Dolphin!
TheSexyCheese's ghost attacks as you move away!
TheSexyCheese's ghost hits you!
* * * LOW HITPOINT WARNING * * *
The kobold brigand throws a poisoned dart.
The poisoned dart hits Dolphin.
TheSexyCheese's ghost screams, "You will never get the ORB!"
As you read the scroll of teleportation, it crumbles to dust.
You feel strangely unstable.
TheSexyCheese's ghost says, "Try not to bleed too much."
TheSexyCheese's ghost hits you but does no damage.
TheSexyCheese's ghost attacks as you move away!
TheSexyCheese's ghost hits you!
* * * LOW HITPOINT WARNING * * *
Your surroundings suddenly seem different.
An orc comes into view. It is wielding a +0 hand axe.
Found 14 gold pieces.
The orc shouts!
An orc priest and an orc come into view.
The orc priest shouts!
An orc wizard comes into view. It is wielding a +0 dagger.
A centaur comes into view.
The centaur shouts!
The orc wizard shouts!
You hear a shout!
The centaur wields a +0 shortbow.
The centaur shoots an arrow.
The arrow hits you!
* * * LOW HITPOINT WARNING * * *
The orc closely misses you. You furiously retaliate!
You headbutt the orc.
The orc priest calls upon Beogh to heal the orc.
The orc's wounds heal themselves!
The centaur shoots an arrow.
The arrow misses you.
You hit the orc.
The orc is poisoned.
You headbutt the orc.
The orc is almost dead.
The orc hits you but does no damage.
You feel better.
You kill the orc!
The centaur shoots an arrow.
The arrow hits you!
You die...

..# #.........###.#...
.. #.##...........##....
..##..#...........##....
..................#...#.
##..#................##.
..................#..##.
...................#....
.#..............#..#....
.......@........#....#..
.c.###.)................
#..........##.......
....o#.......#.......
....oo......... .....
.........#....... .....
......... ...... .....
............... .... #


You could see a centaur, an orc priest, an orc wizard and an orc.

Vanquished Creatures
  A two-headed ogre (D:8)
  Amaemon (D:8)
  An orange demon (D:8)
  Joseph (D:8)
  An unseen horror (D:6)
  A shadow (D:8)
  2 steam dragons
  2 vampire mosquitoes (D:8)
  Menkaure (D:5)
  Edmund (D:5)
  2 acid dragons (D:6)
  A water moccasin (D:6)
  A sky beast (D:6)
  7 wolves (Bailey)
  2 black bears
  3 ogres
  A phantom (D:4)
  3 kobold brigands
  6 gnoll sergeants
  A necrophage (D:8)
  5 scorpions
  10 killer bees (D:8)
  A howler monkey (D:7)
  3 hounds
  2 jellies
  4 gnoll boudas
  3 orc priests
  6 iguanas
  5 orc wizards
  7 adders
  20 gnolls
  A white imp (D:6)
  3 ufetubi
  A worm (D:3)
  5 dart slugs
  16 orcs
  4 bats
  10 endoplasms
  4 giant cockroaches
  6 goblins
  2 hobgoblins
  6 jackals
  5 quokkas
  9 ball pythons
  8 frilled lizards
  17 kobolds
  6 rats
  A bush (D:1)
209 creatures vanquished.

Vanquished Creatures (collateral kills)
  2 vampire mosquitoes (D:8)
  An acid dragon (D:8)
  A wolf (Bailey)
  A centaur (D:8)
  5 gnoll sergeants (Bailey)
  2 killer bees (D:8)
  A hound (Bailey)
  A gnoll bouda (Bailey)
  An orc wizard (D:7)
  6 gnolls
  3 goblins (D:8)
24 creatures vanquished.

Vanquished Creatures (others)
  8 plants (D:1)
8 creatures vanquished.

Grand Total: 241 creatures vanquished

Notes
Turn   | Place    | Note
-------+----------+-------------------------------------------
     0 | D:1      | sanboga the Minotaur Monk began the quest for the Orb.
     0 | D:1      | Reached XP level 1. HP: 19/19 MP: 0/0
   416 | D:1      | Reached skill level 4 in Axes
   448 | D:1      | Reached XP level 2. HP: 21/27 MP: 1/1
   514 | D:1      | Reached skill level 1 in Armour
  1034 | D:1      | Reached XP level 3. HP: 33/33 MP: 2/2
  1992 | D:1      | Reached skill level 5 in Axes
  1992 | D:1      | Reached XP level 4. HP: 12/41 MP: 3/3
  2424 | D:2      | Found Cauhyk's Weapon Shop.
  2529 | D:2      | Found Luelauf's Assorted Antiques.
  2541 | D:2      | Bought a smoky golden potion for 26 gold pieces
  2541 | D:2      | Bought a clear potion for 26 gold pieces
  2541 | D:2      | Bought a smoky golden potion for 26 gold pieces
  2589 | D:2      | Found Nioxi's Antique Weapon Shop.
  2645 | D:2      | Found Zepne's Armour Shoppe.
  2647 | D:2      | Found Watel's Weapon Boutique.
  3083 | D:3      | Reached XP level 5. HP: 47/47 MP: 4/4
  3204 | D:3      | Found a burning altar of Makhleb.
  3204 | D:3      | Found a snail-covered altar of Cheibriados.
  3764 | D:4      | Reached skill level 6 in Axes
  3839 | D:4      | Reached skill level 5 in Fighting
  3965 | D:4      | Identified the +5 scale mail of Darkness {Str+2 Dex+3}
  4022 | D:4      | Found Igon's Vocational Training.
  4064 | D:4      | Identified the +7 falchion of Moderation {elec, rC++}
  4079 | D:4      | Reached XP level 6. HP: 51/56 MP: 5/5
  4115 | D:4      | Reached skill level 7 in Axes
  4277 | D:4      | Identified 3 scrolls of acquirement
  4277 | D:4      | Acquired 624 gold pieces
  4285 | D:4      | Reached XP level 7. HP: 58/62 MP: 6/6
  4296 | D:4      | Acquired the +2 cloak of True Grit {rC+ MP+9 Int+2 Dex-3}
  4303 | D:4      | Acquired 941 gold pieces
  4336 | D:4      | Bought a manual of Invocations for 1040 gold pieces
  4744 | D:5      | Entered Level 5 of the Dungeon
  4820 | D:4      | Reached skill level 1 in Invocations
  5044 | D:5      | Noticed Edmund
  5073 | D:5      | Killed Edmund
  5074 | D:5      | Reached skill level 8 in Axes
  5420 | D:2      | Bought the +6 hand axe of Benevolence {venom, rCorr Int+3}
                  | for 577 gold pieces
  5489 | D:5      | Reached skill level 5 in Armour
  5565 | D:5      | Reached XP level 8. HP: 69/71 MP: 9/9
  5847 | D:5      | Noticed Menkaure
  5855 | D:5      | Killed Menkaure
  5874 | D:5      | Reached skill level 9 in Axes
  6099 | D:6      | Acquired the ring of Teir {rPois rF+}
  6494 | D:6      | Reached skill level 5 in Invocations
  6579 | D:6      | Reached skill level 10 in Axes
  6580 | D:6      | Reached XP level 9. HP: 69/79 MP: 12/12
  6849 | D:6      | Killed an unseen horror
  7438 | D:7      | Found a staircase to the Ecumenical Temple.
  7457 | Temple   | Entered the Ecumenical Temple
  7528 | Temple   | Became a worshipper of Hepliaklqana the Forgotten
  7528 | Temple   | Reached * piety under Hepliaklqana
  7528 | Temple   | Reached ** piety under Hepliaklqana
  7529 | Temple   | Remembered your ancestor Dolphin as a hexer
  7631 | D:7      | Reached skill level 11 in Axes
  8037 | D:8      | Noticed an orange demon
  8039 | D:8      | Noticed Amaemon
  8042 | D:8      | Found a flagged portal.
  8047 | Bailey   | Entered a bailey
  8248 | Bailey   | Reached XP level 10. HP: 81/81 MP: 14/14
  8318 | Bailey   | Reached skill level 12 in Axes
  8777 | D:8      | Killed an orange demon
  8792 | D:8      | Killed Amaemon
  9066 | D:8      | Reached skill level 13 in Axes
  9090 | D:8      | Noticed a two-headed ogre
  9092 | D:8      | Noticed Joseph
  9103 | D:8      | Killed a two-headed ogre
  9109 | D:8      | Killed Joseph
  9154 | D:8      | Reached skill level 10 in Fighting
  9411 | D:8      | Reached *** piety under Hepliaklqana
  9530 | D:8      | Reached XP level 11. HP: 89/89 MP: 17/17
  9807 | D:9      | Found a runed translucent gate.
  9808 | D:9      | Found a runed translucent gate.
  9809 | D:9      | Found a runed translucent gate.
  9809 | D:9      | Noticed TheSexyCheese's ghost (novice HOBe)
  9847 | D:9      | Shot with an arrow by a centaur

Illustrated notes

Levels and vault maps discovered:
D:1:      psy_arrival_fountain, layout_loops_ring, serial_forest,
          infiniplex_forest_split, infiniplex_forest_corner_2,
          infiniplex_forest_lined_1, infiniplex_forest_clump_diagonal,
          infiniplex_forest_lined_room_2, infiniplex_forest_lined_1,
          minmay_misc_feat_nine_boxes, st_stairs_10,
          chequers_serial_rivers_large_b
D:2:      layout_loops_ring, serial_shops, nicolae_diamond_shop,
          nicolae_shop_advertising_works [nicolae_subvault_shop_adworks],
          nicolae_diamond_shop, shop_statue, shop, eino_curves_01
D:3:      layout_loops_cross, gammafunk_temple_overflow_wave, st_stairs_11
D:4:      minmay_chambers_of_threes, layout_loops_ring, nicolae_shop_vocational
D:5:      layout_gridville, uniq_edmund, uniq_menkaure
D:6:      minmay_cornered_nines, layout_basic
D:7:      layout_cave_pools, minmay_temple_entry_junction_2
D:8:      layout_cave_pods, enter_bailey_3, uniq_joseph, uniq_amaemon
D:9:      layout_layer_cave, minmay_overflow_temple_hex,
          gammafunk_ghost_nasty_kobolds, nicolae_elevator_lobby_plus
Temple:   compressed_dpeg_circular_temple

Skill      XL: |  1  2  3  4  5  6  7  8  9 10 |
---------------+-------------------------------+-----
Axes           | 4 5 6 7 8 10 11 13 | 13.6
Armour         | 1 2 3 4 5 6 7 9 |  9.3
Fighting       | 4 5 6 7 8 10 | 10.0
Invocations    | 3 5 7 9 |  9.6
Dodging        | |  3.2
Stealth        | |  1.5

Action                   |  1- 3 |  4- 6 |  7- 9 | 10-12 || total
-------------------------+-------+-------+-------+-------++-------
Melee: Hand axe          |   139 |   169 |   250 |   105 ||   663
       Headbutt          |    41 |    30 |    50 |    26 ||   147
       Punch             |       |     2 |     2 |     1 ||     5
Invok: Recall Ancestor   |       |       |     1 |       ||     1
       Ancestor Life: He |       |       |     1 |       ||     1
       Ancestor Identity |       |       |     1 |       ||     1
  Use: Scroll            |     3 |     1 |    10 |     4 ||    18
       Potion            |       |     1 |     3 |     3 ||     7
 Stab: Sleeping          |     4 |       |       |       ||     4
       Distracted        |       |       |     1 |     3 ||     4
       Confused          |       |       |       |     2 ||     2
Armor: Robe              |    10 |       |       |       ||    10
       Scale mail        |     1 |    58 |   120 |    56 ||   235
Dodge: Dodged            |    42 |    81 |   237 |   114 ||   474
